 Dungeon Crawl Stone Soup version 0.28.0-43-g3370ac3207 (webtiles) character file.

Game seed: 8057738794348371331

88 smarlow the Sneak (level 4, -3/32 HPs)
             Began as a Djinni Enchanter on Mar 8, 2022.
             Slain by a worm (5 damage)
             ... on level 3 of the Dungeon.
             The game lasted 00:05:50 (4279 turns).

smarlow the Sneak (Djinni Enchanter)                Turns: 4279, Time: 00:05:50

Health: -3/32      AC:  2    Str:  7    XL:     4   Next: 81%
Gold:   64         EV: 12    Int: 18    God:
                   SH:  0    Dex: 14

rFire   + + .      SeeInvis .   a - +2 dagger
rCold   x . .      Faith    .   (no shield)
rNeg    . . .      Spirit   .   b - +0 robe
rPois   ∞          Reflect  .   (no helmet)
rElec   .          Harm     .   (no cloak)
rCorr   .          Rampage  .   (no gloves)
Will    .....                   (boots unavailable)
Stlth   ++........              (no amulet)
HPRegen 0.10/turn               (no ring)
MPRegen 0.00/turn               (no ring)

@: flying
A: sickness immunity, fire resistance 2, cold vulnerability 1, float, innate
caster, HP casting, extra vitality 1
a: no special abilities


You were on level 3 of the Dungeon.
You visited 1 branch of the dungeon, and saw 3 of its levels.

You collected 64 gold pieces.

Inventory:

Hand Weapons
 a - a +2 dagger (weapon)
Armour
 b - a +0 robe (worn)
Jewellery
 c - a ring of protection from fire
 f - a ring of see invisible
Scrolls
 g - a scroll of holy word
 j - a scroll of fog
Potions
 h - a potion of curing {unknown}
 i - a potion of brilliance {unknown}


   Skills:
 + Level 1.3 Fighting
 + Level 1.6 Short Blades
 - Level 2.1 Dodging
 * Level 3.2 Stealth
 * Level 3.1 Spellcasting


You couldn't memorise any spells.
You knew the following spells:

 Your Spells              Type           Power      Damage    Failure   Level
a - Ensorcelled Hibernat  Hex/Ice        28%        N/A       7%          2
b - Confusing Touch       Hex            14%        N/A       14%         3
c - Tukima's Dance        Hex            14%        N/A       14%         3
d - Dazzling Flash        Conj/Hex       28%        N/A       14%         3
e - Apportation           Tloc           28%        N/A       4%          1
Your spell library was empty.

Dungeon Overview and Level Annotations

Branches:
Dungeon (3/15)

Altars:
Gozag


Innate Abilities, Weirdness & Mutations

You are immune to sickness and miasma.
You are immune to poison.
Your flesh is very heat resistant. (rF++)
You are vulnerable to cold. (rC-)
You float through the air rather than walking.
You learn spells naturally, not from books.
Your magical power is your life essence.
You have superior vitality. (+4 MHP)


Message History

* * * LOW HITPOINT WARNING * * *
The helpless goblin fails to defend itself.
You puncture the goblin!
You kill the goblin!
Aiming: Ensorcelled Hibernation (safe; 7% risk of failure)
Press: ? - help, Q - select action, (/) - cycle Shift-Dir - straight line, f - worm
Aim: a worm (moderately wounded, chance to affect: 56%)
The worm resists with significant effort.
* * * LOW HITPOINT WARNING * * *
Aiming: Ensorcelled Hibernation (safe; 7% risk of failure)
Press: ? - help, Q - select action, (/) - cycle Shift-Dir - straight line, f/p - worm
Aim: a worm (moderately wounded, chance to affect: 56%)
The worm resists with significant effort.
* * * LOW HITPOINT WARNING * * *
The worm barely misses you.
Found a war axe.
Aiming: Ensorcelled Hibernation (safe; 7% risk of failure)
Press: ? - help, Q - select action, (/) - cycle Shift-Dir - straight line, f/p - worm
Aim: a worm (lightly wounded, chance to affect: 56%)
The worm resists with significant effort.
* * * LOW HITPOINT WARNING * * *
You see here a +0 falchion.
An adder comes into view.
As you read the scroll labelled TOBITH GUUT, it crumbles to dust.
It is a scroll of identify.
e - a scroll of enchant weapon
As you read the scroll of identify, it crumbles to dust.
g - a scroll of holy word
As you read the scroll of identify, it crumbles to dust.
j - a scroll of fog
As you read the scroll of enchant weapon, it crumbles to dust.
Your +1 dagger glows red for a moment.
Okay, then.
Aiming: Ensorcelled Hibernation (safe; 7% risk of failure)
Press: ? - help, Q - select action, (/) - cycle Shift-Dir - straight line, f/p - worm
Aim: a worm (chance to affect: 56%)
The worm resists with significant effort.
* * * LOW HITPOINT WARNING * * *
The worm bites you.
You die...

.# .# .###### ......#
......# ..)...##### .
.#####....# ...
.#####....############...S
>.)..........)..@.........
.####....).....w..........
.# ##.####################
.#...... ........
##..#.### ....... .##...##
.# ...#


You could see a worm.

Vanquished Creatures
  An adder (D:1)
  An adder skeleton (D:2)
  A worm (D:2)
  2 dart slugs (D:1)
  3 ball pythons
  A bat skeleton (D:2)
  A bat zombie (D:2)
  4 endoplasms
  7 goblins
  7 hobgoblins
  3 jackals (D:3)
  9 kobolds
  3 quokkas
  9 bats
  9 frilled lizards
  A jackal skeleton (D:2)
  A quokka skeleton (D:2)
  3 rats
66 creatures vanquished.

Notes
Turn   | Place    | Note
-------+----------+-------------------------------------------
     0 | D:1      | smarlow the Djinni Enchanter began the quest for the Orb.
     0 | D:1      | Reached XP level 1. HP: 15/15 MP: 0/0
    37 | D:1      | Reached skill level 1 in Short Blades
   289 | D:1      | Reached XP level 2. HP: 18/22 MP: 0/0
  1342 | D:1      | Reached XP level 3. HP: 26/26 MP: 0/0
  1342 | D:1      | Learned a level 1 spell: Apportation
  1450 | D:1      | Reached skill level 1 in Fighting
  2057 | D:2      | Reached XP level 4. HP: 24/32 MP: 0/0
  2355 | D:2      | Found an opulent altar of Gozag.
  4279 | D:3      | Slain by a worm

Illustrated notes

Levels and vault maps discovered:
D:1:      dpeg_arrival_tiny_h, layout_loops_ring
D:2:      layout_rooms, serial_undead, serial_undead_e, serial_undead_f,
          serial_undead_e, serial_undead_f, basic_altar, minmay_split_cup_small
D:3:      minmay_spotlight, layout_basic, dilly_ecumenical_altar_fadedgnrine,
          due_unseen_surprise

Skill      XL: |  1  2  3  4 |
---------------+-------------+-----
Short Blades   | 1 |  1.6
Fighting       | 1 |  1.3
Stealth        | 3 |  3.2
Spellcasting   | 3 |  3.1
Dodging        | |  2.1

Action                   |  1- 3 |  4- 6 || total
-------------------------+-------+-------++-------
Melee: Dagger            |    89 |   130 ||   219
       Punch             |     3 |     1 ||     4
 Cast: Ensorcelled Hiber |    26 |    31 ||    57
       Confusing Touch   |       |     1 ||     1
  Use: Potion            |     1 |       ||     1
       Scroll            |       |     4 ||     4
 Stab: Invisible         |     1 |       ||     1
       Sleeping          |    22 |    18 ||    40
       Confused          |       |     1 ||     1
Armor: Robe              |    39 |    49 ||    88
Dodge: Dodged            |    90 |   111 ||   201
